 Dungeon Crawl Stone Soup version 0.19.0-19-g8c6edcc (webtiles) character file.

26093 UristPineapples the Fighter (level 12, -5/130 HPs)
             Began as a Troll Warper on Nov 15, 2016.
             Was a Believer of Ru.
             Slain by an eight-headed hydra (10 damage)
             ... on level 2 of the Lair of Beasts.
             The game lasted 00:54:58 (13456 turns).

UristPineapples the Fighter (Troll Warper)         Turns: 13456, Time: 00:55:00

Health: -5/130     AC: 10    Str: 37    XL:     12   Next: 95%
Magic:  13/18      EV: 14    Int: 10    God:    Ru [**....]
Gold:   864        SH:  0    Dex:  9    Spells: 2 memorised, 17 levels left

rFire  . . .     SeeInvis .     O - +2 giant spiked club
rCold  + . .     Gourm    +     s - +0 troll leather armour
rNeg   . . .     Faith    .     (shield currently unavailable)
rPois  .         Spirit   .     (helmet restricted)
rElec  +         Reflect  .     H - +0 cloak {MR+}
rCorr  .         Harm     .     (gloves unavailable)
MR     .....                    (boots unavailable)
Stlth  +.........               (no amulet)
                                J - ring of protection from fire
                                G - ring of Gax Neel {Ice +Fly rElec MR- Str+10}

@: very slightly contaminated
A: unfitting armour, claws 3, hooves 1, iridescent scales 1, fast metabolism 3,
gourmand, regeneration 1, shaggy fur 1, strong 1, tough skin 2, subdued magic 1,
unskilled 1
a: Renounce Religion, Evoke Flight


You were on level 2 of the Lair of Beasts.
You worshipped Ru.
Ru was pleased with you.
You were not hungry.

You visited 4 branches of the dungeon, and saw 17 of its levels.

You collected 1025 gold pieces.
You spent 161 gold pieces at shops.

Inventory:

Hand Weapons
 N - the +9 mace of Variability {chaos}
   (You found it on level 6 of the Dungeon)

   Each time it hits an enemy it has a different, random effect.
 O - a +2 giant spiked club (weapon)
Missiles
 d - 5 tomahawks of dispersal
 w - 49 poisoned needles
 D - 8 large rocks (quivered)
 F - 5 tomahawks
 R - 4 poisoned javelins
 U - 5 throwing nets
Armour
 s - a +0 troll leather armour (worn)
 H - a +0 cloak of magic resistance (worn)
Jewellery
 c - the ring of Shadows {Umbra +Inv Stlth+}
   (You found it on level 2 of the Lair of Beasts)

   [ring of stealth]

   It lets you turn invisible.
   It makes you more stealthy.
 k - an uncursed ring of ice
 l - an uncursed ring of fire
 G - the ring of Gax Neel (left claw) {Ice +Fly rElec MR- Str+10}
   (You found it on level 4 of the Dungeon)

   [ring of ice]

   It enhances your ice magic.
   It affects your strength (+10).
   It makes you vulnerable to fire.
   It protects you from cold.
   It insulates you from electricity.
   It affects your resistance to hostile enchantments.
   It lets you fly.
 J - a ring of protection from fire (right claw)
Wands
 g - a wand of paralysis (0/24)
 t - a wand of heal wounds (3/9)
 v - a wand of acid (0/15)
 Q - a wand of polymorph (5/24)
 V - a wand of lightning (3/15)
Scrolls
 m - 3 scrolls of magic mapping
 o - a scroll of holy word
 p - a scroll of vulnerability
 r - a scroll of amnesia
 u - 2 scrolls of fear
 x - 6 scrolls of teleportation
 y - a scroll of identify
 B - 2 scrolls of acquirement {unknown}
 L - a scroll of noise {unknown}
Potions
 a - 2 potions of might
 e - a potion of haste
 h - a potion of magic
 i - a potion of invisibility
 n - a potion of degeneration
 A - 2 potions of ambrosia
 I - 3 potions of curing
 M - 3 potions of cure mutation
 P - a potion of flight
 S - 4 potions of lignification
 T - a potion of cancellation {unknown}
Books
 b - a book of Spatial Translocations

   Spells                             Type                      Level
   a - Blink                          Translocation                2
   b - Shroud of Golubria             Charms/Translocation         2
   c - Lesser Beckoning               Translocation                3
   d - Portal Projectile              Translocation                3
   e - Teleport Other                 Translocation                3
   f - Passage of Golubria            Translocation                4
 C - a book of Changes

   Spells                             Type                      Level
   a - Beastly Appendage              Transmutation                1
   b - Sticks to Snakes               Transmutation                2
   c - Spider Form                    Transmutation/Poison         3
   d - Ice Form                       Ice/Transmutation            4
   e - Blade Hands                    Transmutation                5
 K - a book of Frost

   Spells                             Type                      Level
   a - Freeze                         Ice                          1
   b - Throw Frost                    Conjuration/Ice              2
   c - Ozocubu's Armour               Charms/Ice                   3
   d - Throw Icicle                   Conjuration/Ice              4
   e - Summon Ice Beast               Ice/Summoning                4
Comestibles
 f - 10 bread rations
 q - 6 meat rations
 z - 3 slices of pizza


   Skills:
 - Level 11.5 Fighting
 - Level 0.7 Throwing
 + Level 1.3 Armour
 - Level 10.0 Dodging
 * Level 7.3 Unarmed Combat
 - Level 5.1 Spellcasting
 - Level 2.0 Translocations


You had 17 spell levels left.
You knew the following spells:

 Your Spells              Type           Power        Failure   Level  Hunger
a - Blink                 Tloc           N/A          14%         2    ##.....
b - Shroud of Golubria    Chrm/Tloc      #.........   24%         2    ##.....


Dungeon Overview and Level Annotations

Branches:
Dungeon (12/15)            Temple (1/1) D:5            Lair (2/6) D:11
    Orc (2/2) D:10
  Swamp: Lair:2-4    Shoals: Lair:2-4     Snake: Lair:2-4    Spider: Lair:2-4
    Elf: Orc:2

Altars:
Ashenzari
Cheibriados
Dithmenos
Elyvilon
Fedhas
Gozag
Hepliaklqana
Kikubaaqudgha
Makhleb
Nemelex Xobeh
Okawaru
Qazlal
Ru
Sif Muna
Trog
Uskayaw
Vehumet
Xom
Yredelemnul
Zin
The Shining One

Shops:
D:5 [   D:10 [

Annotations:
Lair:2 Gastronok
Orc:2 Erolcha, Sonja


Innate Abilities, Weirdness & Mutations

You are too large for most types of armour.
You have claws for hands.
Your metabolism is lightning-fast.
You like to eat raw meat.
Your natural rate of healing is unusually fast.
You are covered in fur. (AC +1)
You have very tough skin. (AC +2)
You are somewhat unskilled. (-1 Apt)
You have large cloven feet.
You are partially covered in iridescent scales. (AC +2)
Your muscles are strong. (Str +2)
Your spells are a little easier to cast, but a little less powerful.


Message History

The eight-headed hydra completely misses you.
You barely miss the eight-headed hydra.
You kick the eight-headed hydra, but do no damage.
The eight-headed hydra is severely wounded.
The eight-headed hydra bites you but does no damage.
The eight-headed hydra bites you.
The eight-headed hydra closely misses you.
The eight-headed hydra barely misses you.
The eight-headed hydra bites you. The eight-headed hydra bites you! x2
* * * LOW HITPOINT WARNING * * *
The eight-headed hydra bites you!
* * * LOW HITPOINT WARNING * * *
The eight-headed hydra bites you!
* * * LOW HITPOINT WARNING * * *
The eight-headed hydra bites you.
* * * LOW HITPOINT WARNING * * *
The eight-headed hydra bites you!
* * * LOW HITPOINT WARNING * * *
The eight-headed hydra bites you!
You die...

#.P### #..(### #......
....)# #(...P###
####..... .....#
##.......# #P#......
.....## #.......#####
#........ ......###
##.......##.###........
.......P#
#..(....###.........##
.......#
#............#P#...###
.......##
#....D....##.#######
........#
#....@...#####
........# #.......##
........####......##
...<......##......#
.........#####P#..#
.........# ###..#
.........# #.##
...).....# ##.#
##.......# #.##


You could see an eight-headed hydra.

Vanquished Creatures
  The ghost of evildog the Cleaver, a journeyman HOFi of Makhleb (Lair:1)
  Harold (D:11)
  A hydra (Lair:2)
  Erica (D:8)
  The ghost of Oozefury the Grappler, a journeyman VSMo of Ru (D:11)
  A hill giant (D:12)
  2 unseen horrors
  An oklob plant (Lair:2)
  An ugly thing (D:11)
  3 cyclopes
  A manticore (D:11)
  Maurice (D:9)
  3 spiny frogs (Lair:2)
  A rime drake (Lair:2)
  2 komodo dragons
  2 trolls
  2 two-headed ogres
  7 hippogriffs
  3 slime creatures
  4 yaks (D:10)
  A steam dragon (D:10)
  A basilisk (Lair:2)
  Grum (D:11)
  A hungry ghost (D:8)
  3 water moccasins (Lair:1)
  2 porcupines
  5 orc warriors
  5 ice beasts
  A phantom (D:12)
  3 sky beasts
  2 black bears
  6 ogres
  3 wolves (D:11)
  10 centaurs
  3 crocodiles
  2 big kobolds
  16 bullfrogs
  A wyvern skeleton (D:9)
  5 scorpions
  22 killer bees
  10 howler monkeys
  7 crimson imps
  2 bullfrog zombies
  Crazy Yiuf (D:5)
  2 centaur zombies
  8 hounds
  6 jellies
  A bullfrog skeleton (D:8)
  4 orc priests
  A centaur skeleton (D:7)
  Ijyb (D:3)
  Natasha (thrice) (D:2)
  5 iguanas
  12 orc wizards
  4 worker ants
  3 gnolls (D:4)
  8 adders
  6 oozes (D:6)
  An adder skeleton (D:6)
  A worm (D:2)
  5 dart slugs
  7 leopard geckos
  49 orcs
  2 ball pythons
  4 bats
  9 giant cockroaches
  12 goblins
  6 hobgoblins
  3 jackals (D:7)
  35 kobolds
  5 quokkas
  6 frilled lizards
  A giant cockroach zombie (D:5)
  A quokka skeleton (D:5)
  A quokka zombie (D:9)
  9 rats
373 creatures vanquished.

Vanquished Creatures (others)
  An adder (D:12)
  9 fungi
  4 plants
14 creatures vanquished.

Grand Total: 387 creatures vanquished

Notes
Turn   | Place    | Note
-------+----------+-------------------------------------------
     0 | D:1      | UristPineapples the Troll Warper began the quest for the Orb.
     0 | D:1      | Reached XP level 1. HP: 19/19 MP: 1/1
   291 | D:1      | Reached XP level 2. HP: 27/28 MP: 2/2
   832 | D:1      | Reached XP level 3. HP: 32/35 MP: 3/3
  1113 | D:2      | Reached skill level 2 in Fighting
  1161 | D:2      | Noticed Natasha
  1180 | D:2      | Killed Natasha
  1180 | D:2      | Reached XP level 4. HP: 23/42 MP: 4/4
  1381 | D:2      | Noticed Natasha
  1399 | D:2      | Killed Natasha
  1406 | D:2      | Noticed Natasha
  1429 | D:2      | Killed Natasha
  1429 | D:2      | Reached XP level 5. HP: 26/50 MP: 5/5
  1804 | D:3      | Found an opulent altar of Gozag.
  1881 | D:2      | Learned a level 2 spell: Blink
  1982 | D:2      | Reached skill level 5 in Unarmed Combat
  2394 | D:3      | Reached skill level 3 in Fighting
  2494 | D:3      | Noticed Ijyb
  2509 | D:3      | Killed Ijyb
  2509 | D:3      | Reached XP level 6. HP: 56/61 MP: 6/6
  2560 | D:3      | Found an ancient bone altar of Kikubaaqudgha.
  2721 | D:4      | Learned a level 2 spell: Shroud of Golubria
  3139 | D:4      | Got a smoking brass ring
  3145 | D:4      | Identified the ring of Gax Neel {Ice +Fly rElec MR- Str+10} (You found it on level 4 of the Dungeon)
  3379 | D:4      | Reached XP level 7. HP: 61/67 MP: 7/7
  3412 | D:5      | Entered Level 5 of the Dungeon
  3412 | D:5      | Found Nintocyr's Armour Shop.
  3418 | D:5      | Bought a +0 cloak of magic resistance for 161 gold pieces
  3665 | D:5      | Found a staircase to the Ecumenical Temple.
  3912 | D:5      | Reached skill level 4 in Fighting
  4079 | D:5      | Found a basalt altar of Yredelemnul.
  4276 | D:5      | Found a runed door.
  4280 | D:5      | Noticed Crazy Yiuf
  4286 | D:5      | Killed Crazy Yiuf
  4353 | D:6      | Found a sacrificial altar of Ru.
  4415 | D:6      | Reached XP level 8. HP: 76/79 MP: 8/8
  4423 | D:6      | Became a worshipper of Ru the Awakened
  4512 | D:6      | Noticed a slime creature
  4750 | D:7      | Gained mutation: You are partially covered in iridescent scales. (AC +2) [potion of mutation]
  4750 | D:7      | Gained mutation: Your muscles are strong. (Str +2) [potion of mutation]
  4750 | D:7      | Gained mutation: Your spells are a little easier to cast, but a little less powerful. [potion of mutation]
  4761 | D:7      | Reached skill level 5 in Fighting
  4780 | D:7      | Reached skill level 5 in Dodging
  4805 | D:7      | Reached skill level 11 in Fighting
  4805 | D:7      | Reached XP level 9. HP: 8/105 MP: 9/9
  4805 | D:7      | HP: 5/105 [killer bee (3)]
  5232 | D:7      | Reached skill level 5 in Spellcasting
  5232 | D:7      | Reached XP level 10. HP: 111/113 MP: 9/17
  6150 | D:8      | Noticed Erica
  6182 | D:8      | Killed Erica
  6182 | D:8      | Reached XP level 11. HP: 72/120 MP: 18/18
  6524 | D:9      | Noticed Maurice
  6527 | D:9      | Killed Maurice
  6673 | D:9      | Found a burning altar of Makhleb.
  7223 | D:6      | Found a glowing golden altar of the Shining One.
  7263 | Temple   | Entered the Ecumenical Temple
  7459 | Temple   | Gained mutation: You are somewhat unskilled. (-1 Apt) [Ru sacrifice]
  7459 | Temple   | Reduced skill Fighting to level 10
  7459 | Temple   | Reached * piety under Ru
  7459 | Temple   | Reached ** piety under Ru
  7578 | D:9      | Found a hazy altar of Hepliaklqana.
  8071 | D:10     | Entered Level 10 of the Dungeon
  8480 | D:10     | Found Covvotiu's Armour Shop.
  8651 | D:10     | Killed an unseen horror
  8723 | D:10     | Found a staircase to the Orcish Mines.
  9106 | D:11     | Noticed Grum
  9125 | D:11     | Killed Grum
  9228 | D:11     | Noticed Harold
  9243 | D:11     | Killed Harold
  9320 | D:11     | Noticed Oozefury's ghost (journeyman VSMo)
  9337 | D:11     | Reached skill level 11 in Fighting
  9359 | D:11     | Killed Oozefury's ghost
  9406 | D:11     | Reached XP level 12. HP: 120/130 MP: 18/18
  9459 | D:11     | Gained mutation: You have large cloven feet. [mutagenic meat]
  9727 | D:11     | Found a staircase to the Lair.
 11312 | Orc:1    | Entered Level 1 of the Orcish Mines
 11366 | Orc:2    | Entered Level 2 of the Orcish Mines
 11366 | Orc:2    | Noticed Erolcha
 11366 | Orc:2    | Noticed Sonja
 11446 | Lair:1   | Entered Level 1 of the Lair of Beasts
 11848 | Lair:1   | Noticed evildog's ghost (journeyman HOFi)
 11863 | Lair:1   | Killed evildog's ghost
 12376 | Lair:2   | Reached skill level 10 in Dodging
 12429 | Lair:2   | Noticed a six-headed hydra
 12621 | Lair:2   | Found a shadowy altar of Dithmenos.
 12865 | Lair:2   | Killed a six-headed hydra
 12907 | Lair:2   | Noticed Gastronok
 13151 | Lair:2   | Reached skill level 1 in Armour
 13445 | Lair:2   | Noticed an eight-headed hydra
 13456 | Lair:2   | HP: 5/130 [eight-headed hydra (12)]
 13456 | Lair:2   | Slain by an eight-headed hydra

Skill      XL: |  1  2  3  4  5  6  7  8  9 10 11 12 |
---------------+-------------------------------------+-----
Unarmed Combat | 3 4 5 6 7 6 7 |  7.3
Fighting       | 2 3 4 11 11 | 11.5
Dodging        | 3 5 6 8 10 | 10.0
Spellcasting   | 5 |  5.1
Armour         | 1 |  1.3
Throwing       | |  0.7
Translocations | |  2.0

Action                   |  1- 3 |  4- 6 |  7- 9 | 10-12 || total
-------------------------+-------+-------+-------+-------++-------
Melee: Unarmed           |   106 |   251 |   164 |   616 ||  1137
       Punch             |     3 |     2 |     5 |    33 ||    43
       Kick              |       |       |       |    98 ||    98
       Giant spiked club |       |       |       |     5 ||     5
Throw: Large rock        |       |       |     3 |    49 ||    52
 Cast: Blink             |       |       |     5 |     5 ||    10
       Shroud of Golubri |       |       |       |     1 ||     1
Invok: Sacrifice Skill   |       |       |       |     1 ||     1
       Reject Sacrifices |       |       |       |     1 ||     1
Evoke: Wand              |     1 |       |     4 |    13 ||    18
  Use: Potion            |       |       |    13 |       ||    13
       Scroll            |       |       |     8 |    16 ||    24
 Stab: Sleeping          |       |     1 |       |       ||     1
       Paralysed         |       |       |       |     7 ||     7
       Invisible         |       |       |       |     1 ||     1
  Eat: Chunk             |    16 |    21 |    15 |    76 ||   128
       Bread ration      |       |       |       |     1 ||     1
       Beef jerky        |       |       |       |     1 ||     1
Armor: Robe              |    38 |    64 |    52 |    57 ||   211
       Troll leather arm |       |       |       |   206 ||   206
Dodge: Dodged            |    62 |   114 |    87 |   449 ||   712
